 Dungeon Crawl Stone Soup version 0.28.0 (webtiles) character file.

Game seed: 6598720452277675448

105 bande the Covered (level 4, -4/29 HPs)
             Began as a Gargoyle Fighter on Feb 7, 2022.
             Slain by a gnoll (6 damage)
             ... on level 3 of the Dungeon.
             The game lasted 00:03:55 (3044 turns).

bande the Covered (Gargoyle Fighter)                Turns: 3044, Time: 00:03:55

Health: -4/29      AC: 11    Str: 19    XL:     4   Next: 81%
Magic:  4/4        EV:  9    Int:  9    God:
Gold:   119        SH:  4    Dex: 11    Spells: 3/3 levels left

rFire   . . .      SeeInvis .   a - +0 war axe
rCold   . . .      Faith    .   c - +0 buckler
rNeg    + . .      Spirit   .   b - +0 scale mail
rPois   ∞          Reflect  .   j - +0 helmet
rElec   +          Harm     .   (no cloak)
rCorr   .          Rampage  .   (no gloves)
Will    .....                   (no boots)
Stlth   ..........              (no amulet)
HPRegen 0.09/turn               (no ring)
MPRegen 0.09/turn               (no ring)

@: no status effects
A: sickness immunity, AC +3, negative energy resistance 1, electricity
resistance, torment resistance 1, petrification resistance
a: no special abilities


You were on level 3 of the Dungeon.
You visited 1 branch of the dungeon, and saw 3 of its levels.

You collected 119 gold pieces.

Inventory:

Hand Weapons
 a - a +0 war axe (weapon)
Armour
 b - a +0 scale mail (worn)
 c - a +0 buckler (worn)
 j - a +0 helmet (worn)
Wands
 h - a wand of iceblast (9)
Scrolls
 f - a scroll of fog
Potions
 d - a potion of might
 e - a potion of curing
 k - a potion of flight {unknown}


   Skills:
 + Level 3.7 Fighting
 + Level 3.3 Axes
 + Level 4.0 Armour
 + Level 3.6 Shields


You had 3 spell levels left.
You didn't know any spells.
Your spell library was empty.

Dungeon Overview and Level Annotations

Branches:
Dungeon (3/15)

Altars:
Qazlal
Xom


Innate Abilities, Weirdness & Mutations

You are immune to sickness and miasma.
Your stone body is resilient. (AC +3)
You are immune to poison.
You resist negative energy. (rN+)
You are resistant to electric shocks. (rElec)
You are resistant to unholy torment.
You are immune to petrification.


Message History

You kill the jackal!
The gnoll hits you with a +0 club.
You are too injured to fight recklessly!
You are too injured to fight recklessly!
You are too injured to fight recklessly!
You are too injured to fight recklessly!
You are too injured to fight recklessly!
You are too injured to fight recklessly!
You are too injured to fight recklessly!
You are too injured to fight recklessly!
You are too injured to fight recklessly!
You are too injured to fight recklessly!
You are too injured to fight recklessly!
You are too injured to fight recklessly!
You are too injured to fight recklessly!
You are too injured to fight recklessly!
You hit the gnoll.
The gnoll is moderately wounded.
You block the gnoll's attack.
You barely miss the gnoll.
The gnoll is moderately wounded.
The gnoll hits you but does no damage.
You barely miss the gnoll.
The gnoll is moderately wounded.
The gnoll hits you with a +0 club. x2
* * * LOW HITPOINT WARNING * * *
You closely miss the gnoll.
The gnoll is moderately wounded.
The gnoll hits you with a +0 club.
* * * LOW HITPOINT WARNING * * *
You hit the gnoll but do no damage.
The gnoll is moderately wounded.
The gnoll hits you but does no damage. x2
You barely miss the gnoll.
The gnoll is moderately wounded.
The gnoll completely misses you.
You closely miss the gnoll.
The gnoll is moderately wounded.
The gnoll hits you with a +0 club.
You die...

##. #.# . .(.##.######
.### ........... ...
........# #.#
#####...########.#####
.....................#
######......####.###.#
#......# #.## #...(..#
#@.# #......# ##g#
#......# h# ########
.. #.. ... ...# ...#


You could see a gnoll and a jackal.

Vanquished Creatures
  Ijyb (D:2)
  2 gnolls (D:3)
  8 endoplasms
  3 giant cockroaches
  10 goblins
  6 hobgoblins
  2 jackals (D:3)
  3 kobolds
  2 quokkas
  3 ball pythons
  6 bats
  2 frilled lizards
  2 rats
50 creatures vanquished.

Notes
Turn   | Place    | Note
-------+----------+-------------------------------------------
     0 | D:1      | bande the Gargoyle Fighter began the quest for the Orb.
     0 | D:1      | Reached XP level 1. HP: 14/14 MP: 1/1
   895 | D:1      | Reached XP level 2. HP: 19/19 MP: 2/2
  1842 | D:2      | Reached XP level 3. HP: 19/23 MP: 3/3
  2229 | D:2      | Noticed Ijyb
  2244 | D:2      | Killed Ijyb
  2245 | D:2      | Reached XP level 4. HP: 9/29 MP: 4/4
  2827 | D:3      | Found a stormy altar of Qazlal.
  2976 | D:3      | Found a shimmering altar of Xom.
  3026 | D:3      | Reached skill level 4 in Armour
  3044 | D:3      | Slain by a gnoll

Illustrated notes

Levels and vault maps discovered:
D:1:      erik_arrival_triangle_small, layout_basic
D:2:      kennysheep_the_goblin_king, layout_loops_ring
D:3:      layout_basic, mainiacjoe_overflow_paths, xom_teletrap_fun,
          uniq_sigmund

Skill      XL: |  1  2  3  4 |
---------------+-------------+-----
Axes           | 2 3 |  3.3
Armour         | 4 |  4.0
Fighting       | |  3.7
Shields        | |  3.6

Action                   |  1- 3 |  4- 6 || total
-------------------------+-------+-------++-------
Melee: War axe           |    83 |    64 ||   147
  Use: Scroll            |     6 |     2 ||     8
Armor: Scale mail        |    55 |    34 ||    89
Dodge: Dodged            |    51 |    26 ||    77
Block: Buckler           |    22 |    18 ||    40
